 Dungeon Crawl Stone Soup version 0.31-a0-236-g9a0961fb85 (webtiles) character file.

Game seed: 6726845728815764617

1565 qw the Skirmisher (level 8, -1/51 HPs)
             Began as a Gargoyle Hexslinger on July 9, 2023.
             Slain by an ogre
             ... wielding a +0 giant club
              (23 damage)
             ... on level 6 of the Dungeon.
             The game lasted 00:02:23 (5202 turns).

qw the Skirmisher (Gargoyle Hexslinger)             Turns: 5202, Time: 00:02:23

Health: -1/51      AC: 14    Str: 13    XL:     8   Next: 89%
Magic:  9/9        EV: 11    Int: 13    God:
Gold:   240        SH:  0    Dex: 14    Spells: 8/9 levels left

rFire   . . .        Y - +0 shortbow (chaos)
rCold   . . .        (shield currently unavailable)
rNeg    + . .        a - +0 ring mail
rPois   inf          (no helmet)
rElec   +            (no cloak)
rCorr   .            i - +2 pair of gloves
SInv    .            (no boots)
Will    .....        (no amulet)
Stlth   +            (no ring)
HPRegen 0.28/turn    (no ring)
MPRegen 0.11/turn

%: no passive effects
@: no status effects
A: sickness immunity, AC +5, negative energy resistance 1, electricity
resistance, torment resistance 1, petrification resistance
a: no special abilities


You were on level 6 of the Dungeon.
You visited 1 branch of the dungeon, and saw 6 of its levels.
You also visited: Sewer.

You collected 240 gold pieces.


Innate Abilities, Weirdness & Mutations

You are immune to sickness and miasma.
Your stone body is resilient. (AC +5)
You are immune to poison.
You resist negative energy. (rN+)
You are resistant to electric shocks. (rElec)
You are resistant to unholy torment.
You are immune to petrification.


   Skills:
 - Level 6.0 Fighting
 + Level 9.1 Ranged Weapons
 - Level 2.1 Armour
 - Level 2.1 Dodging
 - Level 1.0 Spellcasting
 - Level 2.6 Hexes


You had 8 spell levels left.
You knew the following spells:

 Your Spells              Type           Power      Damage    Failure   Level
a - Slow                  Hex            28%        N/A       21%         1

Your spell library contained the following spells:

 Spells                   Type           Power      Damage    Failure   Level
 Inner Flame              Hex/Fire       4%         N/A       71%         3
 Portal Projectile        Hex/Tloc       8%         N/A       71%         3
 Cause Fear               Hex            3%         N/A       89%         4

Inventory:

Hand Weapons
 Y - a +0 shortbow of chaos (weapon)
Armour
 a - a +0 ring mail (worn)
 i - a +2 pair of gloves (worn)
Jewellery
 b - an amulet of the acrobat
 k - a ring of fire
Scrolls
 g - a scroll of identify
Potions
 c - 4 potions of enlightenment
 d - a potion of heal wounds
 h - a potion of haste {unknown}

Dungeon Overview and Level Annotations

Branches:
Dungeon (6/15)              Sewer (visited)
 Temple: D:4-7

Altars:
Elyvilon
The Shining One


Message History

The jelly completely misses you.
You shoot an arrow.
The arrow hits the jelly but does no damage.
The jelly is severely wounded.
The jelly closely misses you.
You shoot an arrow. The arrow hits the jelly!
Lightning courses through the jelly!
You kill the jelly!
An ogre comes into view. It is wielding a +0 giant club.
The ogre shouts!
Enter note:
Enter note:
Enter note:
Enter note:
Enter note:
Enter note:
Enter note:
Enter note:
Enter note:
Enter note: You shoot an arrow.
The arrow hits the ogre.
The ogre suddenly seems more resistant.
The ogre is lightly wounded.
The ogre hits you with a +0 giant club.
You shoot an arrow. The arrow hits the ogre.
The arrow freezes the ogre.
The ogre is moderately wounded.
The ogre hits you with a +0 giant club.
You shoot an arrow. The arrow hits the ogre.
Nothing appears to happen.
The ogre is heavily wounded.
You shoot an arrow. The arrow hits the ogre.
The ogre is severely wounded.
The ogre barely misses you.
You shoot an arrow. The arrow hits the ogre.
The ogre is severely wounded.
The ogre hits you with a +0 giant club!!
You shoot an arrow. The arrow barely misses the ogre.
You shoot an arrow. The arrow hits the ogre.
The arrow freezes the ogre.
The ogre is almost dead.
The ogre hits you with a +0 giant club!!
You die...

.#
#....##.#.#..........
.# #....
..#.###..#.#### .#
#... ....#....#... .#
....
#.######.######## .#
#........... >#
#.#.######## .# #.#.#
.# #.#.# .# #@#.. .#
#....O.### .#
######## ##


You could see an ogre (resistant).

Vanquished Creatures
  A black bear (D:4)
  An ogre (D:3)
  A centaur (D:4)
  A phantom (D:5)
  2 kobold brigands
  A scorpion (D:4)
  2 jellies
  6 orc priests
  6 hounds
  5 iguanas
  Terence (D:2)
  A sleepcap (D:6)
  Natasha (thrice) (D:2)
  4 orc wizards
  4 gnolls (D:5)
  9 adders
  2 river rats (Sewer)
  A shadow imp (D:6)
  An ufetubus (D:4)
  A worm (D:2)
  A dart slug (D:1)
  16 orcs
  5 endoplasms
  2 giant cockroaches
  8 hobgoblins
  A jackal (Sewer)
  7 quokkas
  5 ball pythons
  7 bats
  A frilled lizard (D:3)
  12 goblins
  15 kobolds
  10 rats
143 creatures vanquished.

Notes
Turn   | Place    | Note
-------+----------+-------------------------------------------
     0 | D:1      | qw the Gargoyle Hexslinger began the quest for the Orb.
     0 | D:1      | Reached XP level 1. HP: 12/12 MP: 2/2
     0 | D:1      | 0 ||| qw: Version: 0.3-a-51-g015441d
     0 | D:1      | 0 ||| qw: Game counter: 4382
     0 | D:1      | 0 ||| qw: Melee chars always use a shield: true
     0 | D:1      | 0 ||| qw: God list: Okawaru
     0 | D:1      | 0 ||| qw: Allow faded altars: false
     0 | D:1      | 0 ||| qw: Do Orc after clearing Dungeon:15 true
     0 | D:1      | 0 ||| qw: Do second Lair branch before Depths: true
     0 | D:1      | 0 ||| qw: Lair rune preference: random
     0 | D:1      | 0 ||| qw: Goals: Normal
     0 | D:1      | 0 ||| PLANNING D:1-11
    65 | D:1      | Reached XP level 2. HP: 15/16 MP: 3/3
   120 | D:1      | HP: 4/16 [frozen (2)]
   123 | D:1      | HP: 1/16 [frozen (4)]
   126 | D:1      | Reached skill level 3 in Ranged Weapons
   393 | D:1      | Reached XP level 3. HP: 18/21 MP: 4/4
   588 | D:1      | Found a faded altar of an unknown god.
   788 | D:1      | 788 ||| UPGRADING to +2 pair of gloves.
   793 | D:1      | 793 ||| READING scroll labelled BIBIBU ZUEZOS.
   794 | D:1      | 794 ||| READING scroll labelled KELOUR CUCARO.
   895 | D:1      | 895 ||| READING scroll labelled VAOPHAMUCK.
   896 | D:1      | 896 ||| READING scroll labelled QUSIUV VAOSOC.
   897 | D:1      | 897 ||| DROPPING scroll of poison.
   947 | D:2      | Noticed Terence
   963 | D:2      | Killed Terence
  1108 | D:2      | Reached XP level 4. HP: 26/26 MP: 5/5
  1351 | D:2      | Noticed Natasha
  1361 | D:2      | Killed Natasha
  1362 | D:2      | Reached skill level 4 in Ranged Weapons
  1502 | D:2      | Noticed Natasha
  1515 | D:2      | Killed Natasha
  1516 | D:2      | Reached XP level 5. HP: 22/30 MP: 6/6
  1572 | D:2      | Noticed Natasha
  1591 | D:2      | Killed Natasha
  1592 | D:2      | Reached skill level 5 in Ranged Weapons
  1680 | D:2      | 1680 ||| UPGRADING to +0 ring mail.
  1690 | D:2      | 1690 ||| DROPPING +0 robe.
  1691 | D:2      | 1691 ||| READING scroll labelled YNAYLL EBOUWAE.
  1692 | D:2      | 1692 ||| DRINKING 3 blue potions.
  1693 | D:2      | 1693 ||| DROPPING 2 potions of attraction.
  1719 | D:3      | 1719 ||| PLANNING SEWER
  1965 | D:3      | Reached skill level 1 in Armour
  2014 | D:3      | Found a glowing drain.
  2015 | D:3      | 2015 ||| READING scroll labelled LOIRAA QEBRA.
  2024 | Sewer    | Entered a sewer
  2107 | Sewer    | Noticed a kobold brigand
  2123 | Sewer    | Killed a kobold brigand
  2124 | Sewer    | Reached skill level 3 in Fighting
  2124 | Sewer    | Reached XP level 6. HP: 31/38 MP: 7/7
  2170 | Sewer    | Found a white marble altar of Elyvilon.
  2214 | D:3      | 2214 ||| PLANNING D:1-11
  2547 | D:3      | Reached skill level 6 in Ranged Weapons
  2669 | D:3      | 2669 ||| READING scroll labelled RUUHIEDAGIWK.
  2738 | D:4      | Reached XP level 7. HP: 43/43 MP: 8/8
  2881 | D:4      | 2881 ||| FLEEEEING.
  2882 | D:4      | 2882 ||| FLEEEEING.
  2883 | D:4      | 2883 ||| FLEEEEING.
  2884 | D:4      | 2884 ||| FLEEEEING.
  2885 | D:4      | 2885 ||| FLEEEEING.
  2886 | D:4      | 2886 ||| FLEEEEING.
  2887 | D:4      | 2887 ||| FLEEEEING.
  2888 | D:4      | 2888 ||| FLEEEEING.
  2889 | D:4      | 2889 ||| FLEEEEING.
  2890 | D:4      | 2890 ||| FLEEEEING.
  2891 | D:4      | 2891 ||| FLEEEEING.
  2892 | D:4      | 2892 ||| FLEEEEING.
  2893 | D:4      | 2893 ||| FLEEEEING.
  2894 | D:4      | 2894 ||| FLEEEEING.
  2895 | D:4      | 2895 ||| FLEEEEING.
  2896 | D:4      | 2896 ||| FLEEEEING.
  2897 | D:4      | 2897 ||| FLEEEEING.
  2898 | D:4      | 2898 ||| STAIRDANCE
  2931 | D:4      | Reached skill level 7 in Ranged Weapons
  2942 | D:4      | 2942 ||| Stepping ~*~*~tactically~*~*~ (outnumbered).
  2943 | D:4      | 2943 ||| Stepping ~*~*~tactically~*~*~ (outnumbered).
  3176 | D:4      | 3176 ||| Stepping ~*~*~tactically~*~*~ (outnumbered).
  3177 | D:4      | 3177 ||| Stepping ~*~*~tactically~*~*~ (outnumbered).
  3179 | D:4      | 3179 ||| Stepping ~*~*~tactically~*~*~ (outnumbered).
  3189 | D:4      | HP: 8/43 [orc priest/divine providence (13)]
  3190 | D:4      | Reached skill level 8 in Ranged Weapons
  3190 | D:4      | Reached XP level 8. HP: 9/48 MP: 9/9
  3190 | D:4      | 3190 ||| DRINKING potion of heal wounds.
  3265 | D:4      | 3265 ||| SWAPPING to +0 shortbow.
  3266 | D:4      | 3266 ||| DROPPING +1 sling of electrocution.
  3490 | D:5      | Entered Level 5 of the Dungeon
  3495 | D:5      | 3495 ||| READING scroll of brand weapon.
  3495 | D:5      | 3495 ||| BRANDING +0 shortbow.
  4209 | D:5      | 4209 ||| Stepping ~*~*~tactically~*~*~ (outnumbered).
  4211 | D:5      | 4211 ||| Stepping ~*~*~tactically~*~*~ (outnumbered).
  4217 | D:5      | 4217 ||| FLEEEEING.
  4219 | D:5      | 4219 ||| FLEEEEING.
  4221 | D:5      | 4221 ||| FLEEEEING.
  4222 | D:5      | 4222 ||| STAIRDANCE
  4261 | D:4      | 4261 ||| READING scroll labelled DOROMI PARPHO.
  4262 | D:4      | 4262 ||| DRINKING 2 orange potions.
  4292 | D:4      | 4292 ||| DRINKING 2 silvery potions.
  4396 | D:4      | 4396 ||| READING 3 scrolls of identify.
  4396 | D:4      | 4396 ||| IDENTIFYING glowing red potion
  4397 | D:4      | 4397 ||| READING 2 scrolls of identify.
  4397 | D:4      | 4397 ||| IDENTIFYING yellow potion
  4398 | D:4      | 4398 ||| DROPPING potion of ambrosia.
  4399 | D:4      | 4399 ||| DROPPING potion of lignification.
  4400 | D:4      | 4400 ||| DROPPING potion of brilliance.
  4401 | D:4      | 4401 ||| DROPPING potion of berserk rage.
  4409 | D:5      | 4409 ||| STAIRDANCE
  4680 | D:6      | 4680 ||| Stepping ~*~*~tactically~*~*~ (outnumbered).
  4738 | D:6      | 4738 ||| DRINKING 2 potions of curing.
  4738 | D:6      | 4738 ||| (to cure confusion)
  4745 | D:6      | Reached skill level 9 in Ranged Weapons
  4752 | D:6      | 4752 ||| READING scroll of brand weapon.
  4752 | D:6      | 4752 ||| BRANDING +0 shortbow of draining.
  4886 | D:6      | 4886 ||| DRINKING potion of curing.
  4886 | D:6      | 4886 ||| (to cure confusion)
  5117 | D:6      | Found a glowing golden altar of the Shining One.
  5117 | D:6      | Found a white marble altar of Elyvilon.
  5164 | D:6      | Reached skill level 6 in Fighting
  5202 | D:6      | Slain by an ogre

Levels and vault maps discovered:
D:1:      giann_horns, layout_basic, dreamdust_ecumenical_altar_sealed_demon
D:2:      layout_rooms, nicolae_eternal_life, st_stairs_2, uniq_natasha,
          uniq_terence
D:3:      layout_loops_ring, portal_sewer_entry_d, kennysheep_generic_room_7
D:4:      layout_gridville, minmay_statues_item
D:5:      corexii_shack_village, layout_basic, ebering_dispersal_statue_hall
D:6:      layout_basic, gammafunk_temple_overflow_wave,
          minmay_fractal_squares_gapless_5

Skill      XL: |  1  2  3  4  5  6  7  8 |
---------------+-------------------------+-----
Ranged Weapons | 3 4 5 6 8 9 |  9.1
Fighting       | 2 3 4 6 |  6.0
Armour         | 1 2 |  2.1
Dodging        | 2 |  2.1
Spellcasting   | |  1.0
Hexes          | |  2.6

Action                     |  1- 3 |  4- 6 |  7- 9 || total
---------------------------+-------+-------+-------++-------
   Fire: Sling             |   104 |   159 |    83 ||   346
         Shortbow          |       |       |   248 ||   248
    Use: Scroll            |     4 |     3 |     5 ||    12
         Potion            |       |     1 |     5 ||     6
 Armour: Robe              |    13 |    11 |       ||    24
         Ring mail         |       |    38 |   131 ||   169
  Dodge: Dodged            |    43 |    53 |   118 ||   214

Table legend:
 A = Non-vault XP
 B = Vault XP
 C = Vault XP percentage of total XP
 D = Non-vault monster count
 E = Vault monster count
 F = Vault count percentage of total count
                 A         B        C        D         E       F
            +---------+---------+-------+---------+---------+-------
      Total |    1891 |     346 |  15.5 |     110 |      33 |  23.1
            +---------+---------+-------+---------+---------+-------
        D:1 |      37 |       0 |   0.0 |      23 |       0 |   0.0
        D:2 |      87 |      77 |  47.0 |       8 |       5 |  38.5
        D:3 |     150 |     111 |  42.5 |      11 |       3 |  21.4
        D:4 |     724 |       0 |   0.0 |      31 |       0 |   0.0
        D:5 |     457 |      24 |   5.0 |      19 |      11 |  36.7
        D:6 |     436 |       0 |   0.0 |      18 |       0 |   0.0
      Sewer |       0 |     134 | 100.0 |       0 |      14 | 100.0
            +---------+---------+-------+---------+---------+-------
